 Dungeon Crawl Stone Soup version 0.22-b1-26-g9dbaab1 (webtiles) character file.

297 lorenzova the Conjurer (level 6, -7/32 HPs)
             Began as a Deep Elf Conjurer on Aug 7, 2018.
             Was a Follower of Vehumet.
             Mangled by an ogre
             ... wielding a +0 giant club
              (15 damage)
             ... on level 6 of the Dungeon.
             The game lasted 00:07:42 (2841 turns).

lorenzova the Conjurer (Deep Elf Conjurer)          Turns: 2841, Time: 00:07:43

Health: -7/32      AC:  6    Str: 10    XL:     6   Next: 12%
Magic:  2/17       EV: 13    Int: 22    God:    Vehumet [*.....]
Gold:   93         SH:  0    Dex: 15    Spells: 6/17 levels left

rFire    . . .     SeeInvis .   m - +2 dagger (venom)
rCold    . . .     Gourm    .   (no shield)
rNeg     . . .     Faith    .   a - +0 robe
rPois    .         Spirit   .   (no helmet)
rElec    .         Reflect  .   l - +0 cloak
rCorr    .         Harm     .   (no gloves)
MR       .....                  k - +2 pair of boots
Stlth    ++........             (no amulet)
HPRegen  0.10/turn              (no ring)
MPRegen  0.15/turn              (no ring)

@: mighty, very slightly contaminated
A: no striking features
a: Renounce Religion


You were on level 6 of the Dungeon.
You worshipped Vehumet.
Vehumet was aware of your devotion.
You were not hungry.

You visited 1 branch of the dungeon, and saw 4 of its levels.

You collected 93 gold pieces.

Inventory:

Hand Weapons
 m - a +2 dagger of venom (weapon)
Armour
 a - a +0 robe (worn)
 k - a +2 pair of boots (worn)
 l - a +0 cloak (worn)
Wands
 n - a wand of paralysis (12)
Scrolls
 b - 3 scrolls of identify {unknown}
 d - 2 scrolls of teleportation {unknown}
 e - a scroll of enchant weapon {unknown}
 o - a scroll of remove curse {unknown}
Potions
 f - a potion of invisibility {unknown}
 g - a potion of degeneration {unknown}
 h - a potion of might
 i - 2 potions of agility {unknown}
 j - a potion of haste {unknown}
 p - a potion of mutation {unknown}
 q - a potion of magic {unknown}
Comestibles
 c - 4 rations
 r - 3 chunks of flesh


   Skills:
 - Level 2.4 Dodging
 - Level 2.4 Stealth
 * Level 6.3 Spellcasting
 * Level 6.4 Conjurations
 + Level 1.6 Hexes


You had 6 spell levels left.
You knew the following spells:

 Your Spells              Type           Power        Failure   Level  Hunger
a - Magic Dart            Conj           ####         1%          1    None
b - Searing Ray           Conj           #####.       1%          2    None
c - Iskenderun's Mystic   Conj           #####...     6%          4    ###....
d - Fulminant Prism       Conj/Hex       ###.......   17%         4    ###....

Your spell library contained the following spells:

 Spells                   Type           Power        Failure   Level  Hunger
 Confuse                  Hex            ##......     14%         3    #......
 Confusing Touch          Hex            ##....       4%          1    None
 Metabolic Englaciation   Hex/Ice        ##........   87%         5    #####..
 Petrify                  Tmut/Erth      #.......     65%         4    ###....
 Dazzling Spray           Conj/Hex       ###...       4%          3    #......
 Force Lance              Conj/Tloc      ###.....     24%         4    ###....
 Gell's Gravitas          Tloc           #.........   26%         3    #......
 Yara's Violent Unravell  Hex/Tmut       ##........   87%         5    #####..


Dungeon Overview and Level Annotations

Branches:
Dungeon (3/15)

Altars:
Elyvilon
Nemelex Xobeh
Qazlal
Ru
Trog
Vehumet


Message History

You hear an angry hiss.
The ogre hits you with a giant club!!
Ouch! That really hurt!
* * * LOW HITPOINT WARNING * * *
Casting: Iskenderun's Mystic Blast (safe; 6% risk of failure)
Confirm with . or Enter, or press ? or * to list all spells.
Aiming: Iskenderun's Mystic Blast (safe; 6% risk of failure)
Press: ? - help, Shift-Dir - straight line, f/p - ogre
Aim: an ogre, wielding a giant club (severely wounded)
You miscast Iskenderun's Mystic Blast.
You are very lightly contaminated with residual magic.
The air around you crackles with energy!
The ogre barely misses you.
An adder comes into view.
It was a potion of might.
You feel very mighty all of a sudden.
You hit the ogre.
The ogre is almost dead.
The ogre hits you with a giant club!
You die...

### .. ### #. #.#
...###.###.#########
.............SO@...#
######.###.#########
..>...........##
##..###........# #O.
#.#####.## #.. #.#
#.# #.. #.# #.# #..
#.# #.# #.# #.#


You could see an ogre and an adder.

Vanquished Creatures
  A bullfrog (D:6)
  Crazy Yiuf (D:2)
  A hound (D:2)
  A bullfrog skeleton (D:6)
  2 orc priests (D:6)
  2 adders (D:2)
  3 dart slugs
  5 leopard geckos
  2 orcs (D:6)
  3 ball pythons
  7 bats
  4 giant cockroaches
  3 goblins (D:1)
  5 hobgoblins
  2 jackals (D:1)
  5 frilled lizards
  6 kobolds
  5 rats
58 creatures vanquished.

Notes
Turn   | Place    | Note
-------+----------+-------------------------------------------
     0 | D:1      | lorenzova the Deep Elf Conjurer began the quest for the Orb.
     0 | D:1      | Reached XP level 1. HP: 10/10 MP: 6/6
   357 | D:1      | Reached XP level 2. HP: 15/15 MP: 3/8
   435 | D:1      | Learned a level 2 spell: Searing Ray
   860 | D:1      | Reached XP level 3. HP: 19/19 MP: 8/10
   991 | D:2      | Reached skill level 5 in Conjurations
  1070 | D:2      | Found a bloodstained altar of Trog.
  1118 | D:2      | Found a white marble altar of Elyvilon.
  1143 | D:2      | Found a sacrificial altar of Ru.
  1144 | D:2      | Found a radiant altar of Vehumet.
  1146 | D:2      | Found a stormy altar of Qazlal.
  1171 | D:2      | Found a sparkling altar of Nemelex Xobeh.
  1174 | D:2      | Became a worshipper of Vehumet
  1455 | D:2      | Found a runed door.
  1781 | D:2      | Reached XP level 4. HP: 17/24 MP: 4/12
  1859 | D:2      | Learned a level 4 spell: Iskenderun's Mystic Blast
  1943 | D:2      | Reached skill level 5 in Spellcasting
  2291 | D:2      | Noticed Crazy Yiuf
  2295 | D:2      | Killed Crazy Yiuf
  2366 | D:3      | You fall through a shaft for 3 floors!
  2391 | D:6      | Reached XP level 5. HP: 28/28 MP: 11/14
  2410 | D:6      | Reached * piety under Vehumet
  2410 | D:6      | Offered knowledge of Freeze by Vehumet.
  2416 | D:6      | Learned a level 4 spell: Fulminant Prism
  2611 | D:6      | Reached skill level 1 in Hexes
  2734 | D:6      | Reached XP level 6. HP: 32/32 MP: 11/17
  2841 | D:6      | Mangled by an ogre

Skill      XL: |  1  2  3  4  5 |
---------------+----------------+-----
Spellcasting   | 4 5 6 |  6.3
Conjurations   | 5 6 |  6.4
Hexes          | 1 |  1.6
Dodging        | |  2.4
Stealth        | |  2.4

Action                   |  1- 3 |  4- 6 || total
-------------------------+-------+-------++-------
Melee: Dagger            |       |     1 ||     1
 Cast: Magic Dart        |    90 |    30 ||   120
       Searing Ray       |       |     3 ||     3
       Iskenderun's Myst |       |     6 ||     6
  Use: Potion            |       |     1 ||     1
  Eat: Chunk             |     2 |     4 ||     6
Armor: Robe              |     1 |     1 ||     2
Dodge: Dodged            |     8 |     4 ||    12
